 Dungeon Crawl Stone Soup version 0.30.1 (webtiles) character file.

Game seed: 8810859444763863484

65 Arctor the Insei (level 4, -1/29 HPs)
             Began as an Octopode Transmuter on July 9, 2023.
             Slain by an adder (2 damage)
             ... on level 3 of the Dungeon.
             The game lasted 00:01:32 (1909 turns).

Arctor the Insei (Octopode Transmuter)              Turns: 1909, Time: 00:01:33

Health: -1/29      AC:  1    Str:  9    XL:     4   Next: 13%
Magic:  7/7        EV: 13    Int: 17    God:
Gold:   131        SH:  0    Dex: 12    Spells: 6/7 levels left

rFire   . .          .
                       - Unarmed
rCold   . . .        (no shield)
rNeg    . . .        (helmet currently unavailable)
rPois   .            (no amulet)
rElec   .            (no ring)
rCorr   .            (no ring)
SInv    .            (no ring)
Will    .....        (no ring)
Stlth   ++           (no ring)
HPRegen 0.24/turn    (no ring)
MPRegen 0.10/turn    (no ring)
                     (no ring)

%: no passive effects
@: lethally poisoned (-1 -> -3), appendages (expiring)
A: tentacle spike 3, almost no armour, amphibious, 8 rings, camouflage 1,
gelatinous body 1, (nimble swimmer 1), tentacles
a: End Transformation


You were on level 3 of the Dungeon.
One of your tentacles had grown a beastly spike.
You visited 1 branch of the dungeon, and saw 3 of its levels.

You collected 131 gold pieces.

Inventory:

Missiles
 f - 6 boomerangs
Jewellery
 k - an amulet of guardian spirit
Scrolls
 b - a scroll of fear {unknown}
 c - a scroll of poison {unknown}
 g - 3 scrolls of butterflies {unknown}
 h - a scroll of vulnerability {unknown}
 j - a scroll of teleportation {unknown}
 l - a scroll of magic mapping {unknown}
 m - a scroll of blinking {unknown}
 n - a scroll of identify {unknown}
Potions
 a - a potion of lignification
 d - a potion of mutation {unknown}
 e - 2 potions of brilliance {unknown}
 i - 2 potions of curing {unknown}


   Skills:
 + Level 1.8 Fighting
 + Level 2.5 Dodging
 + Level 3.4 Unarmed Combat
 + Level 2.4 Spellcasting
 + Level 2.6 Transmutations


You had 6 spell levels left.
You knew the following spells:

 Your Spells              Type           Power      Damage    Failure   Level
a - Beastly Appendage     Tmut           20%        N/A       6%          1

Your spell library contained the following spells:

 Spells                   Type           Power      Damage    Failure   Level
 Wereblood                Tmut           10%        N/A       10%         2
 Spider Form              Tmut/Pois      6%         N/A       32%         3
 Ice Form                 Ice/Tmut       6%         N/A       73%         4


Dungeon Overview and Level Annotations

Branches:
Dungeon (3/15)

Altars:


Innate Abilities, Weirdness & Mutations

One of your tentacles has grown a beastly spike.
You cannot wear most types of armour.
You are amphibious.
You can wear up to eight rings at the same time.
Your skin changes colour to match your surroundings (Stealth+).
Your rubbery body absorbs attacks. (AC +1, EV +1)
((You are camouflaged when in or above water. (Stealth+)))
You have tentacles for arms and can constrict up to eight enemies at once.


Message History

The orc shouts!
An orc comes into view. It is wielding a +0 club.
A rat comes into view.
You see here a frilled lizard corpse.
You closely miss the orc priest. You grab the orc priest.
You tentacle-slap the orc priest.
The orc priest is lightly wounded.
You constrict the orc priest. The orc hits you with a +0 flail.
The orc priest mumbles some strange prayers to Beogh against you.
You barely resist. You tentacle-slap the orc priest.
You pierce the orc priest.
You kill the orc priest!
The orc barely misses you.
You have reached level 4!
You completely miss the orc. You grab the orc.
You pierce the orc, but do no damage.
You squeeze the orc, but do no damage. You constrict the orc.
The orc escapes!
A kobold comes into view. It is wielding a +0 dagger.
The kobold shouts!
You tentacle-slap the orc but do no damage.
You grab the orc.
The orc is lightly wounded.
Your transformation is almost over.
You constrict the orc. The adder bites you.
You are poisoned.
The adder poisons you! The orc hits you with a +0 flail!
The orc hits you with a +0 flail.
Unknown command.
You release your grip on the orc.
The adder attacks as you move away! The adder misses you.
You feel sick. The orc hits you with a +0 flail.
* * * LOW HITPOINT WARNING * * *
The adder closely misses you. The orc attacks as you move away!
The orc barely misses you.
You feel sick. The orc attacks as you move away!
The orc hits you with a +0 flail.
* * * LOW HITPOINT WARNING * * *
x2 You feel sick.
There is an open door here.
* * * LOW HITPOINT WARNING * * *
You feel sick. The adder bites you.
You die...

##.........
####........####
...............
####.............
#................
#.......o.)......
#.....oo.†r.K....
#....#S######....
######@# .
#<...#.# ####.#.#
#.#.# #.#.# #.#.#
#.#.# #.#.# #.#.#


You could see an adder and 3 orcs.

Vanquished Creatures
  An orc priest (D:3)
  A dart slug (D:2)
  4 bats
  4 endoplasms
  3 hobgoblins
  3 jackals (D:2)
  3 quokkas
  A ball python (D:2)
  2 frilled lizards
  2 goblins
  7 kobolds
31 creatures vanquished.

Notes
Turn   | Place    | Note
-------+----------+-------------------------------------------
     0 | D:1      | Arctor the Octopode Transmuter began the quest for the Orb.
     0 | D:1      | Reached XP level 1. HP: 13/13 MP: 3/3
   104 | D:1      | Found a faded altar of an unknown god.
   422 | D:1      | Reached XP level 2. HP: 14/18 MP: 3/5
  1169 | D:2      | Reached XP level 3. HP: 19/23 MP: 4/6
  1904 | D:3      | Reached XP level 4. HP: 25/29 MP: 7/7
  1909 | D:3      | HP: 1/29 [poisoned by an adder]
  1909 | D:3      | Slain by an adder

Illustrated notes

Levels and vault maps discovered:
D:1:      sevenhm_arrival_forest_fort_small_6, layout_loops_ring,
          ebering_ecumenical_altar_abandoned, supply_closet_lemuel,
          minmay_misc_feat_room, minmay_distorted
D:2:      layout_basic
D:3:      layout_basic, mainiacjoe_overflow_tiny_flanked

Action                     |  1- 3 |  4- 6 || total
---------------------------+-------+-------++-------
  Melee: Unarmed           |    66 |     2 ||    68
         Constrict         |    18 |     2 ||    20
         Tentacles         |    14 |     1 ||    15
         Kick              |    15 |     1 ||    16
         Punch             |     3 |       ||     3
   Cast: Beastly Appendage |    26 |       ||    26
   Stab: Sleeping          |     6 |       ||     6
 Armour: Skin              |     5 |       ||     5
  Dodge: Dodged            |    30 |     3 ||    33
